 Dungeon Crawl Stone Soup version 0.19-a0-1007-g133f65f (webtiles) character file.

173 HAL9000 the Ruffian (level 5, -4/40 HPs)
             Began as a Draconian Transmuter on July 19, 2016.
             Slain by an orc priest
             ... wielding a +0 trident
              (5 damage)
             ... on level 4 of the Dungeon.
             The game lasted 00:04:36 (2877 turns).

HAL9000 the Ruffian (Draconian Transmuter)          Turns: 2877, Time: 00:04:36

Health: -4/40      AC:  7    Str: 13    XL:     5   Next: 28%
Magic:  17/17      EV: 12    Int: 18    God:
Gold:   121        SH:  0    Dex: 12    Spells: 3 memorised, 2 levels left

rFire  . . .     SeeInvis .       - Unarmed
rCold  . . .     Gourm    .     (armour unavailable)
rNeg   . . .     Faith    .     (no shield)
rPois  .         Spirit   .     (helmet restricted)
rElec  .         Dismiss  .     z - +0 cloak
rCorr  .         Reflect  .     m - +0 pair of gloves
SustAt +         Harm     .     (no boots)
MR     .....                    (no amulet)
Stlth  +.........               u - ring of sustain attributes
                                r - ring of magical power

@: brilliant, very slightly contaminated, not resistant to hostile enchantments,
very unstealthy
A: unfitting armour, cold-blooded, AC +5
a: no special abilities


You were on level 4 of the Dungeon.
You were not hungry.

You visited 1 branch of the dungeon, and saw 4 of its levels.

You collected 121 gold pieces.

Inventory:

Missiles
 a - 35 arrows
 k - 6 tomahawks of returning (quivered)
Armour
 m - a +0 pair of gloves (worn)
 z - a +0 cloak (worn)
 A - a +0 buckler
Jewellery
 r - a ring of magical power (left hand)
 u - a ring of sustain attributes (right hand)
Scrolls
 e - 2 scrolls of noise {unknown}
 n - 2 scrolls of remove curse {unknown}
 o - a scroll of random uselessness {unknown}
 q - a scroll of recharging {unknown}
 t - a scroll of fog {unknown}
 w - 3 scrolls of blinking {unknown}
 y - a scroll of enchant armour {unknown}
 B - a scroll of identify {unknown}
Potions
 d - a potion of might {unknown}
 f - 2 potions of heal wounds {unknown}
 h - a potion of lignification {unknown}
 i - 2 potions of brilliance
 p - 2 potions of curing {unknown}
 v - 2 potions of agility {unknown}
Books
 b - a book of Changes

   Spells                             Type                      Level
   a - Beastly Appendage              Transmutation                1
   b - Sticks to Snakes               Transmutation                2
   c - Spider Form                    Transmutation/Poison         3
   d - Ice Form                       Ice/Transmutation            4
   e - Blade Hands                    Transmutation                5
Comestibles
 c - 2 bread rations
 g - a slice of pizza
 j - a royal jelly
 C - a meat ration
 D - 2 chunks of flesh


   Skills:
 - Level 1.1 Fighting
 - Level 1.7 Dodging
 + Level 4.7 Unarmed Combat
 - Level 2.0 Spellcasting
 + Level 4.2 Transmutations


You had 2 spell levels left.
You knew the following spells:

 Your Spells              Type           Power        Failure   Level  Hunger
a - Beastly Appendage     Tmut           ####..       1%          1    #......
b - Sticks to Snakes      Tmut           ####....     1%          2    ###....
c - Spider Form           Tmut/Pois      ###.......   3%          3    ###....


Dungeon Overview and Level Annotations

Branches:
Dungeon (4/15)
 Temple: D:4-7

Altars:


Innate Abilities, Weirdness & Mutations

Your plain brown scales are hard. (AC +5)
Your body does not fit into most forms of armour.
You are cold-blooded and may be slowed by cold attacks.


Message History

You hit the orc priest but do no damage.
The orc priest is moderately wounded.
The orc priest closely misses you.
You hit the orc priest but do no damage.
Your tail-slap misses the orc priest.
You punch the orc priest.
The orc priest is severely wounded.
The orc priest barely misses you.
You hit the orc priest but do no damage.
Your tail-slap misses the orc priest.
The orc priest is severely wounded.
You hit the orc priest.
The orc priest is almost dead.
The orc priest hits you with a trident.
* * * LOW HITPOINT WARNING * * *
Unknown command.
You hit the orc priest but do no damage.
Your punch misses the orc priest.
The orc priest is almost dead.
The orc priest hits you with a trident.
You die...

# #. .###
..# #)#
#<# #@#
#.o.....#
..###..##
.#.. #
..... ..
.### ..#
. .<. #.


You could see an orc priest.

Vanquished Creatures
  An orc priest (D:4)
  Jessica (D:2)
  3 adders
  An ooze (D:2)
  3 worms
  4 dart slugs
  2 giant geckos (D:2)
  An orc (D:4)
  2 giant cockroaches
  10 goblins
  8 hobgoblins
  6 jackals
  7 bats
  4 giant newts
  5 kobolds
  8 rats
66 creatures vanquished.

Vanquished Creatures (collateral kills)
  An adder (D:3)
  A giant gecko (D:3)
  An orc (D:3)
  A bat (D:3)
  A goblin (D:2)
5 creatures vanquished.

Grand Total: 71 creatures vanquished

Notes
Turn   | Place    | Note
-------+----------+-------------------------------------------
     0 | D:1      | HAL9000 the Draconian Transmuter began the quest for the Orb.
     0 | D:1      | Reached XP level 1. HP: 16/16 MP: 3/3
    97 | D:1      | Reached XP level 2. HP: 14/23 MP: 5/5
   108 | D:1      | Learned a level 2 spell: Sticks to Snakes
   718 | D:1      | Reached XP level 3. HP: 22/28 MP: 6/6
   723 | D:1      | Learned a level 3 spell: Spider Form
  1110 | D:2      | Noticed Jessica
  1122 | D:2      | Killed Jessica
  1122 | D:2      | Reached XP level 4. HP: 35/35 MP: 7/7
  2413 | D:3      | Reached XP level 5. HP: 23/40 MP: 8/8
  2876 | D:4      | HP: 1/40 [orc priest/trident (6)]
  2877 | D:4      | Slain by an orc priest

Vault maps used:
D:1:      shiori_arrival_oz, serial_forest, infiniplex_forest_straight_2,
          infiniplex_forest_clump_diagonal, infiniplex_forest_lined_corner,
          infiniplex_forest_lined_2
D:2:      first_bread, uniq_jessica
D:3:      grunt_ministairs_2
D:4:      lemuel_round_altar, grunt_pakellas_basics, serial_shops, shop_coins,
          uniq_natasha, uniq_blork_the_orc

Skill      XL: |  1  2  3  4 |
---------------+-------------+-----
Transmutations | 3 4 |  4.2
Unarmed Combat | 4 |  4.7
Fighting       | |  1.1
Dodging        | |  1.7
Spellcasting   | |  2.0

Action                   |  1- 3 |  4- 6 || total
-------------------------+-------+-------++-------
Melee: Unarmed           |   133 |   104 ||   237
       Tailslap          |    18 |     9 ||    27
       Kick              |    22 |     5 ||    27
       Headbutt          |     1 |     3 ||     4
       Punch             |       |     4 ||     4
 Cast: Beastly Appendage |    16 |    10 ||    26
       Sticks to Snakes  |     4 |     6 ||    10
  Use: Potion            |       |     1 ||     1
  Eat: Chunk             |     1 |     7 ||     8
Armor: Skin              |    51 |    36 ||    87
Dodge: Dodged            |    77 |    57 ||   134
